 Dungeon Crawl Stone Soup version 0.19-a0-1834-g6b7851e (webtiles) character file.

10249 hurricos the Archer (level 11, -9/70 HPs)
             Began as a High Elf Hunter on Oct 9, 2016.
             Was an Elder of Okawaru.
             Mangled by a troll (13 damage)
             ... on level 10 of the Dungeon.
             The game lasted 00:16:20 (12829 turns).

hurricos the Archer (High Elf Hunter)              Turns: 12829, Time: 00:16:21

Health: -9/70      AC: 11    Str: 15    XL:     11   Next: 33%
Magic:  0/26       EV: 17    Int: 15    God:    Okawaru [****..]
Gold:   844        SH:  0    Dex: 14    Spells: 1 memorised, 9 levels left

rFire  . . .     SeeInvis +     b - +0 rapier (venom)
rCold  . . .     Gourm    .     g - +3 leather armour "Gedoicau" {rN++ MR+ rCorr Dex-4}
rNeg   + + .     Faith    .     (no shield)
rPois  .         Spirit   +     (no helmet)
rElec  .         Dismiss  .     (no cloak)
rCorr  +         Reflect  .     t - +0 pair of gloves
MR     +++..     Harm     .     r - +0 pair of boots
Stlth  +.........               S - amulet of guardian spirit
                                i - +3 ring of protection
                                K - ring of magical power

@: no status effects
A: see invisible, blink, magic resistance 1, strong 1, no device heal 1
a: Blink, Heroism, Renounce Religion


You were on level 10 of the Dungeon.
You worshipped Okawaru.
Okawaru was greatly pleased with you.
You were not hungry.

You visited 2 branches of the dungeon, and saw 12 of its levels.
You also visited: Ossuary.

You collected 844 gold pieces.

Inventory:

Hand Weapons
 a - a +1 shortbow
 b - a +0 rapier of venom (weapon)
 j - the +5 scythe "Finisher" {speed, Str+3}
   (You found it on level 7 of the Dungeon)

   Attacks with this weapon are significantly faster.
   It affects your strength (+3).
 s - a +1 hand axe of flaming
Missiles
 d - 51 arrows
Armour
 g - the +3 leather armour "Gedoicau" (worn) {rN++ MR+ rCorr Dex-4}
   (You found it on level 7 of the Dungeon)

   It affects your dexterity (-4).
   It greatly protects you from negative energy.
   It affects your resistance to hostile enchantments.
   It protects you from acid and corrosion.
 r - a +0 pair of boots (worn)
 t - a +0 pair of gloves (worn)
 M - a +2 robe of cold resistance
Jewellery
 h - a +4 ring of intelligence
 i - a +3 ring of protection (right hand)
 n - an uncursed ring of resist corrosion
 q - an uncursed ring of ice
 K - a ring of magical power (left hand)
 S - an amulet of guardian spirit (around neck)
 U - an uncursed ring of positive energy
Wands
 I - a wand of lightning (0/15)
 O - a wand of teleportation (0/9)
 R - a wand of confusion (22/48)
 V - a wand of lightning (11/15)
 W - a wand of digging (13/24)
 X - a wand of random effects (24/48)
 Y - a wand of paralysis (12/24)
 Z - a wand of heal wounds (3/9)
Scrolls
 c - a scroll of teleportation
 w - 2 scrolls of amnesia {unknown}
 x - a scroll of enchant weapon
 F - 2 scrolls of blinking {unknown}
 G - 2 scrolls of remove curse
 H - a scroll of fog
 N - a scroll of holy word {unknown}
Potions
 e - a potion of degeneration {unknown}
 f - a potion of experience {unknown}
 l - 5 potions of flight
 m - a potion of lignification
 o - 7 potions of curing
 p - 3 potions of berserk rage {unknown}
 u - a potion of cancellation {unknown}
 v - a potion of beneficial mutation {unknown}
 z - 4 potions of heal wounds {unknown}
 A - 2 potions of might {unknown}
 B - a potion of agility {unknown}
 C - 2 potions of brilliance {unknown}
 E - a potion of resistance {unknown}
Books
 y - a book of Beasts

   Spells                             Type                      Level
   a - Summon Butterflies             Summoning                    1
   b - Call Canine Familiar           Summoning                    3
   c - Summon Ice Beast               Ice/Summoning                4
   d - Summon Mana Viper              Hexes/Summoning              5
   e - Summon Hydra                   Summoning                    7
Comestibles
 D - 5 bread rations
 J - 12 fruits
 L - a beef jerky
 P - 8 slices of pizza
 T - 4 meat rations


   Skills:
 - Level 4.4 Fighting
 - Level 9.7 Short Blades
 - Level 14.5 Bows
 * Level 9.6 Dodging
 - Level 1.1 Stealth
 + Level 7.5 Invocations


You had 9 spell levels left.
You knew the following spells:

 Your Spells              Type           Power        Failure   Level  Hunger
Z - Summon Butterflies    Summ           #.......     34%         1    ##.....


Dungeon Overview and Level Annotations

Branches:
Dungeon (11/15)            Temple (1/1) D:7             Orc (0/2) D:10
   Lair: D:8-11

Altars:
Ashenzari
Cheibriados
Dithmenos
Elyvilon
Fedhas
Gozag
Hepliaklqana
Kikubaaqudgha
Makhleb
Nemelex Xobeh
Okawaru
Qazlal
Ru
Sif Muna
Trog
Uskayaw
Vehumet
Xom
Yredelemnul
Zin
The Shining One

Shops:
D:9 }

Portals:
Trove: D:10 (show slimy rune of Zot)


Innate Abilities, Weirdness & Mutations

You have supernaturally acute eyesight. (SInv)
You can translocate small distances at will.
You are resistant to hostile enchantments. (MR+)
Your muscles are strong. (Str +2)
Potions and wands are less effective at restoring your health.


Message History

The orc shouts!
You hit the orc priest but do no damage.
The troll bites you! The troll closely misses you. The troll claws you.
The orc priest closely misses you.
You barely miss the orc priest. The troll barely misses you.
The troll misses you. The troll completely misses you.
The orc priest closely misses you.
You hit the orc priest.
The orc priest is poisoned.
The orc priest is moderately wounded.
The orc priest barely misses you.
The phantom blinks!
The orc priest invokes the aid of Beogh against you.
Beogh smites you!
* * * LOW HITPOINT WARNING * * *
The orc priest calls down the wrath of Beogh upon you.
Beogh smites you!
* * * LOW HITPOINT WARNING * * *
The phantom blinks!
The troll bites you!
You die...

#.# #.# #.# #.# #.# #..
#.# ##. #.# #. #.# ##
##.## # #...#
######@########
#...#To.#.....# ######
#...o.∩.......# #.....
#..o#.o.#.....####.....
#...##.##.....##.'.....
#)............#..#.....
#.............'.##.....
#.............#####'###
#.............# #.##


You could see a troll, an orc warrior, an orc priest and 2 orcs.

Vanquished Creatures
  A hydra (D:10)
  2 gargoyles
  2 trolls (D:9)
  A two-headed ogre (D:10)
  2 dream sheep (D:10)
  3 wraiths (D:7)
  11 yaks (D:10)
  Menkaure (D:7)
  7 orc warriors
  4 sky beasts
  A black bear (D:7)
  7 ogres
  2 phantoms (D:7)
  2 ice beasts
  A centaur (D:9)
  3 big kobolds (D:10)
  6 bullfrogs
  3 gnoll sergeants
  A wyvern skeleton (D:7)
  12 wights
  3 killer bees (D:8)
  3 howler monkeys
  3 crimson imps
  A centaur zombie (D:7)
  4 hounds
  8 orc wizards
  3 centaur skeletons
  11 orc priests
  A jelly (D:10)
  7 iguanas
  7 worker ants
  A big kobold zombie (Ossuary)
  A hound zombie (D:7)
  2 hound skeletons
  9 mummies
  2 worker ant zombies
  14 gnolls
  13 adders
  A shadow imp (D:8)
  An ooze (D:1)
  An adder zombie (D:8)
  2 worms
  5 dart slugs
  5 leopard geckos
  43 orcs
  5 giant cockroaches
  3 gnoll zombies (Ossuary)
  8 goblins
  4 hobgoblins
  2 jackals (D:2)
  5 quokkas
  7 bats
  2 frilled lizards
  2 hobgoblin zombies
  A jackal zombie (D:5)
  5 kobolds
  A kobold zombie (Ossuary)
  A leopard gecko skeleton (D:4)
  3 orc zombies
  A quokka skeleton (D:7)
  A quokka zombie (D:6)
  6 rats
280 creatures vanquished.

Notes
Turn   | Place    | Note
-------+----------+-------------------------------------------
     0 | D:1      | hurricos the High Elf Hunter began the quest for the Orb.
     0 | D:1      | Reached XP level 1. HP: 14/14 MP: 2/2
   130 | D:1      | Reached XP level 2. HP: 19/19 MP: 3/3
   199 | D:1      | Reached skill level 6 in Bows
   586 | D:1      | Reached XP level 3. HP: 24/24 MP: 4/4
  1082 | D:2      | Reached skill level 7 in Bows
  1525 | D:3      | Reached XP level 4. HP: 24/29 MP: 5/5
  1725 | D:3      | Found a sacrificial altar of Ru.
  1735 | D:3      | Reached skill level 8 in Bows
  1888 | D:3      | Found a shattered altar of Ashenzari.
  2001 | D:3      | Reached XP level 5. HP: 29/34 MP: 6/6
  2283 | D:3      | Found a radiant altar of Vehumet.
  2557 | D:4      | Found a sand-covered staircase.
  2588 | Ossuary  | Entered an ossuary
  2764 | Ossuary  | Reached skill level 9 in Bows
  3147 | Ossuary  | Reached XP level 6. HP: 39/39 MP: 7/7
  3456 | D:4      | Reached skill level 10 in Bows
  3727 | D:5      | Entered Level 5 of the Dungeon
  3909 | D:5      | Reached skill level 11 in Bows
  3909 | D:5      | Reached XP level 7. HP: 45/45 MP: 8/8
  4006 | D:5      | Found a glowing golden altar of the Shining One.
  4006 | D:5      | Found a shimmering altar of Xom.
  4010 | D:5      | Found a glowing silver altar of Zin.
  4634 | D:6      | Reached skill level 12 in Bows
  4655 | D:6      | Gained mutation: Your muscles are strong. (Str +2) [mutagenic meat]
  4730 | D:6      | Reached XP level 8. HP: 36/50 MP: 9/9
  4827 | D:6      | Reached skill level 13 in Bows
  6158 | D:6      | Reached skill level 14 in Bows
  7210 | D:7      | Reached skill level 1 in Short Blades
  7351 | D:7      | Reached XP level 9. HP: 48/57 MP: 10/10
  7395 | D:7      | Found a staircase to the Ecumenical Temple.
  7491 | Temple   | Entered the Ecumenical Temple
  7498 | Temple   | Became a worshipper of Warmaster Okawaru
  7686 | D:7      | Reached skill level 1 in Invocations
  7723 | D:7      | Noticed Menkaure
  7728 | D:7      | Killed Menkaure
  7839 | D:7      | Reached * piety under Okawaru
  8680 | D:7      | Got a jewelled leather armour
  8691 | D:7      | Identified the +3 leather armour "Gedoicau" {rN++ MR+ rCorr Dex-4} (You found it on level 7 of the Dungeon)
  8754 | D:7      | Reached skill level 5 in Short Blades
  9491 | D:8      | Found a hazy altar of Hepliaklqana.
  9575 | D:8      | Reached XP level 10. HP: 64/65 MP: 14/14
  9877 | D:8      | Gained mutation: You are resistant to hostile enchantments. (MR+) [mutagenic meat]
  9880 | D:8      | Gained mutation: Potions and wands are less effective at restoring your health. [mutagenic meat]
  9886 | D:8      | Gained mutation: You have supernaturally acute eyesight. (SInv) [mutagenic meat]
  9889 | D:8      | Gained mutation: You can translocate small distances at will. [mutagenic meat]
 10006 | D:8      | Found a hide-covered altar of Uskayaw.
 10187 | D:8      | Reached skill level 5 in Dodging
 10220 | D:9      | Noticed a gargoyle
 10228 | D:9      | Killed a gargoyle
 10228 | D:9      | Reached skill level 5 in Invocations
 10265 | D:9      | Reached ** piety under Okawaru
 10315 | D:9      | Found an opulent altar of Gozag.
 10318 | D:9      | Learned a level 1 spell: Summon Butterflies
 10481 | D:9      | Found Mulo Laoseext's Gadget Boutique.
 11056 | D:10     | Entered Level 10 of the Dungeon
 11122 | D:10     | Reached *** piety under Okawaru
 11420 | D:10     | Found a portal to a secret trove of treasure.
 11607 | D:10     | Noticed a gargoyle
 11615 | D:10     | Killed a gargoyle
 11750 | D:10     | Reached XP level 11. HP: 28/70 MP: 8/16
 11751 | D:10     | Reached **** piety under Okawaru
 11968 | D:10     | Noticed a three-headed hydra
 11972 | D:10     | Killed a one-headed hydra
 12728 | D:10     | Found a staircase to the Orcish Mines.
 12825 | D:10     | HP: 3/70 [orc priest/divine providence (11)]
 12829 | D:10     | Mangled by a troll

Vault maps used:
D:1:      dpeg_arrival_castle
D:3:      lemuel_crystal_altar, nicolae_ru_awakened_eye, old_standard_altar
D:4:      nicolae_ossuary_entry_giza
D:5:      grunt_temple_overflow_open, first_bread
D:7:      minmay_misc_feat_ornament, grunt_decor_clamped,
          minmay_guarded_unrand_finisher, uniq_menkaure
D:8:      kennysheep_mini_moat, kennysheep_mini
D:9:      nicolae_gozag_seed_capital, serial_shops, shop
D:10:     david_orc_4, nicolae_trove_entry_crossroad, hangedman_ranch
D:11:     grunt_lair_entry_orc_guard_hut, uniq_snorg
Temple:   nicolae_temple_no_exploring_needed
Ossuary:  ossuary_tomb_3

Skill      XL: |  1  2  3  4  5  6  7  8  9 10 11 |
---------------+----------------------------------+-----
Bows           | 6 7 8 9 11 12 14 | 14.5
Short Blades   | 1 7 9 |  9.7
Dodging        | 3 4 7 9 |  9.6
Fighting       | 3 4 |  4.4
Invocations    | 4 6 7 |  7.5
Stealth        | |  1.1

Action                   |  1- 3 |  4- 6 |  7- 9 | 10-12 || total
-------------------------+-------+-------+-------+-------++-------
Melee: Rapier            |       |       |   180 |   324 ||   504
       Scythe            |       |       |    30 |     6 ||    36
       Unarmed           |       |       |    13 |       ||    13
       Hand axe          |       |       |       |     3 ||     3
 Fire: Shortbow          |    94 |   222 |   384 |   187 ||   887
Invok: Heroism           |       |       |       |     2 ||     2
Evoke: Wand              |       |       |     5 |     8 ||    13
  Use: Scroll            |     6 |     2 |     7 |     3 ||    18
       Potion            |       |       |     4 |       ||     4
 Stab: Sleeping          |       |       |     1 |     1 ||     2
       Paralysed         |       |       |       |     8 ||     8
  Eat: Bread ration      |     1 |     1 |       |     1 ||     3
       Chunk             |       |       |     6 |     6 ||    12
       Meat ration       |       |       |     3 |       ||     3
       Royal jelly       |       |       |       |     3 ||     3
Armor: Leather armour    |     4 |    22 |    49 |    85 ||   160
       Robe              |       |       |    26 |       ||    26
       Skin              |       |       |    37 |       ||    37
Dodge: Dodged            |    26 |    47 |   214 |   250 ||   537
